 Dungeon Crawl Stone Soup version 0.26.0-18-gc5c842f807 (webtiles) character file.

Game seed: 273705373384405540

32 thiole the Sneak (level 3, -2/21 HPs)
             Began as an Octopode Hedge Wizard on Jan 24, 2021.
             Slain by wux's ghost (10 damage)
             ... on level 3 of the Dungeon.
             The game lasted 00:03:16 (2150 turns).

thiole the Sneak (Octopode Hedge Wizard)            Turns: 2150, Time: 00:03:17

Health: -2/21      AC:  1    Str: 15    XL:     3   Next: 27%
Magic:  2/7        EV: 13    Int: 17    God:
Gold:   48         SH:  0    Dex: 11    Spells: 3/8 levels left

rFire    . . .     SeeInvis .   a - +0 dagger
rCold    . . .     Faith    .   (no shield)
rNeg     . . .     Spirit   .   b - +0 hat
rPois    .         Reflect  .   (no amulet)
rElec    .         Harm     .   n - +6 ring of strength
rCorr    .         Rampage  .   (no ring)
Will     .....                  (no ring)
Stlth    +++.......             (no ring)
HPRegen  0.07/turn              (no ring)
MPRegen  0.10/turn              (no ring)
                                (no ring)
                                (no ring)

@: no status effects
A: almost no armour, stealthy swim, amphibious, 8 rings, constrict 8, camouflage
1, gelatinous body 1
a: no special abilities


You were on level 3 of the Dungeon.
You visited 1 branch of the dungeon, and saw 3 of its levels.

You collected 48 gold pieces.

Inventory:

Hand Weapons
 a - a +0 dagger (weapon)
Armour
 b - a +0 hat (worn)
Jewellery
 n - a +6 ring of strength (left tentacle)
Wands
 p - a wand of paralysis (6)
Scrolls
 c - a scroll of identify
 d - 3 scrolls of teleportation {unknown}
 e - a scroll of amnesia {unknown}
 f - a scroll of enchant weapon {unknown}
 g - 3 scrolls of remove curse {unknown}
 i - a scroll of immolation {unknown}
 o - a scroll of fog {unknown}
Potions
 h - a potion of cancellation {unknown}
 j - a potion of resistance {unknown}
 k - a potion of lignification {unknown}
 l - 2 potions of heal wounds {unknown}
 m - 2 potions of haste {unknown}


   Skills:
 - Level 2.0 Dodging
 + Level 3.3 Stealth
 + Level 3.1 Spellcasting
 * Level 1.9 Conjurations
 * Level 1.8 Summonings
 - Level 1.0 Translocations


You had 3 spell levels left.
You knew the following spells:

 Your Spells              Type           Power        Failure   Level
a - Magic Dart            Conj           36%          8%          1
b - Call Imp              Summ           8%           12%         2
c - Slow                  Hex            2%           26%         2

Your spell library contained the following spells:

 Spells                   Type           Power        Failure   Level
 Blink                    Tloc           N/A          17%         2
 Conjure Flame            Conj/Fire      5%           34%         3
 Mephitic Cloud           Conj/Pois/Air  4%           36%         3


Dungeon Overview and Level Annotations

Branches:
Dungeon (3/15)

Altars:

Annotations:
D:3 wux's ghost, weakling DsIE


Innate Abilities, Weirdness & Mutations

You cannot wear most types of armour.
You are very stealthy in the water. (Stealth+)
You are amphibious.
You can wear up to eight rings at the same time.
You can use your tentacles to constrict eight enemies at once.
Your skin changes colour to match your surroundings (Stealth+).
Your rubbery body absorbs attacks. (AC +1, EV +1)


Message History

Your shadow imp completely misses wux's ghost.
Wux's ghost barely misses your crimson imp.
Your crimson imp barely misses wux's ghost.
Your shadow imp hits wux's ghost.
Your white imp hits wux's ghost.
Your white imp freezes wux's ghost.
You swap places.
Wux's ghost hits your white imp!
Your white imp dies!
You closely miss wux's ghost.
Wux's ghost is heavily damaged.
Wux's ghost casts a spell at you.
You are frozen.
You closely miss wux's ghost. Your squeeze misses wux's ghost.
Wux's ghost is heavily damaged.
Wux's ghost gestures at you while chanting.
You are frozen.
Your crimson imp hits wux's ghost.
Your shadow imp hits wux's ghost but does no damage.
You closely miss wux's ghost.
Wux's ghost is severely damaged.
Wux's ghost hits you!
You die...

...........#
...........#####
...#...........#
...............#
...#######.....#
.. #.(..(#.....#
. #.(...#.....#
#...8.'5....#
#(....W@....#
#..(..'5....#
#(...(#.....#
#/....#.....#
#############


You could see wux's ghost, a friendly crimson imp (summoned) and a friendly
shadow imp (summoned).

Vanquished Creatures
  2 worms (D:2)
  A leopard gecko (D:2)
  A ball python (D:3)
  A giant cockroach (D:2)
  2 goblins
  6 hobgoblins
  2 jackals (D:1)
  2 bats (D:1)
  2 frilled lizards
  2 kobolds
  2 rats
23 creatures vanquished.

Vanquished Creatures (collateral kills)
  A hobgoblin (D:2)
  A kobold (D:2)
  A rat (D:2)
3 creatures vanquished.

Grand Total: 26 creatures vanquished

Notes
Turn   | Place    | Note
-------+----------+-------------------------------------------
     0 | D:1      | thiole the Octopode Hedge Wizard began the quest for the
                  | Orb.
     0 | D:1      | Reached XP level 1. HP: 11/11 MP: 4/4
   548 | D:1      | Reached XP level 2. HP: 8/17 MP: 0/6
  1434 | D:2      | Learned a level 2 spell: Call Imp
  1437 | D:2      | Learned a level 2 spell: Slow
  1616 | D:2      | Reached XP level 3. HP: 21/21 MP: 1/7
  2133 | D:3      | Found a runed translucent gate.
  2133 | D:3      | Found a runed translucent gate.
  2133 | D:3      | Found a runed translucent gate.
  2134 | D:3      | Noticed wux's ghost (weakling DsIE)
  2150 | D:3      | Slain by wux's ghost

Illustrated notes

Levels and vault maps discovered:
D:1:      sevenhm_arrival_forest_fort_large_4, layout_rooms,
          minmay_misc_feat_rugged
D:2:      layout_basic
D:3:      layout_basic, ebering_ghost_rock_garden, uniq_natasha, uniq_sigmund,
          uniq_terence

Skill      XL: |  1  2 |
---------------+-------+-----
Stealth        | 3 |  3.3
Dodging        | |  2.0
Spellcasting   | |  3.1
Conjurations   | |  1.9
Summonings     | |  1.8
Translocations | |  1.0

Action                   || total
-------------------------++-------
Melee: Dagger            ||    24
       Constrict         ||     7
       Tentacles         ||     6
 Cast: Magic Dart        ||    56
       Call Imp          ||     5
  Use: Scroll            ||     3
Armor: Skin              ||     2
Dodge: Dodged            ||    16
